 Dungeon Crawl Stone Soup version 0.28-a0-1130-gc51a68064b (webtiles) character file.

Game seed: 2561988824227485285

37 ytrimaz the Insei (level 3, -1/23 HPs)
             Began as an Octopode Transmuter on Dec 12, 2021.
             Slain by a hobgoblin (4 damage)
             ... on level 1 of the Dungeon.
             The game lasted 00:01:02 (1115 turns).

ytrimaz the Insei (Octopode Transmuter)             Turns: 1115, Time: 00:01:02

Health: -1/23      AC:  1    Str:  9    XL:     3   Next: 39%
Magic:  5/6        EV: 13    Int: 17    God:
Gold:   49         SH:  0    Dex: 12    Spells: 0/6 levels left

rFire   . . .      SeeInvis .     - Unarmed
rCold   . . .      Faith    .   (no shield)
rNeg    . . .      Spirit   .   (helmet restricted)
rPois   .          Reflect  .   (no amulet)
rElec   .          Harm     .   (no ring)
rCorr   .          Rampage  .   (no ring)
Will    .....                   (no ring)
Stlth   ++........              (no ring)
HPRegen 0.07/turn               (no ring)
MPRegen 0.10/turn               (no ring)
                                (no ring)
                                (no ring)

@: wereblooded
A: almost no armour, amphibious, 8 rings, camouflage 1, gelatinous body 1,
(nimble swimmer 1), tentacles
a: no special abilities


You were on level 1 of the Dungeon.
You visited 1 branch of the dungeon, and saw 1 of its levels.

You collected 49 gold pieces.

Inventory:

Potions
 b - a potion of invisibility {unknown}


   Skills:
 * Level 1.4 Fighting
 * Level 2.3 Dodging
 + Level 3.4 Unarmed Combat
 * Level 2.3 Spellcasting
 * Level 2.4 Transmutations


You couldn't memorise any spells.
You knew the following spells:

 Your Spells              Type           Power      Damage    Failure   Level
a - Beastly Appendage     Tmut           20%        N/A       7%          1
b - Wereblood             Tmut           10%        N/A       11%         2
c - Spider Form           Tmut/Pois      6%         N/A       34%         3

Your spell library contained the following spells:

 Spells                   Type           Power      Damage    Failure   Level
 Ice Form                 Ice/Tmut       6%         N/A       75%         4


Dungeon Overview and Level Annotations

Branches:
Dungeon (1/15)

Altars:


Innate Abilities, Weirdness & Mutations

You cannot wear most types of armour.
You are amphibious.
You can wear up to eight rings at the same time.
Your skin changes colour to match your surroundings (Stealth+).
Your rubbery body absorbs attacks. (AC +1, EV +1)
((You are camouflaged near water. (Stealth+)))
You have tentacles for arms and can constrict up to eight enemies at once.


Message History

You tentacle-slap the bat.
You feel a bit better.
You kill the bat!
The bat barely misses you.
You tentacle-slap the bat.
You feel a bit better.
You kill the bat!
The hobgoblin hits you but does no damage.
You barely miss the ball python. You grab the ball python.
The ball python is moderately wounded.
You howl as the wereblood boils in your veins!
You constrict the ball python. The ball python bites you.
The ball python grabs you. The ball python constricts you.
You tentacle-slap the ball python.
You feel a bit better.
You kill the ball python!
The hobgoblin misses you.
You closely miss the hobgoblin. You grab the hobgoblin.
You constrict the hobgoblin, but do no damage.
The hobgoblin hits you. The rat bites you.
Unknown command.
You are too injured to fight recklessly!
You are too injured to fight recklessly!
You are too injured to fight recklessly!
You tentacle-slap the rat.
You feel a bit better.
You kill the rat!
You howl as the wereblood boils in your veins!
You constrict the hobgoblin, but do no damage.
The hobgoblin hits you.
Unknown command.
Unknown command.
You tentacle-slap the hobgoblin.
The hobgoblin is moderately wounded.
You constrict the hobgoblin, but do no damage.
The hobgoblin hits you. The endoplasm barely misses you.
You barely miss the endoplasm. You constrict the hobgoblin.
The hobgoblin closely misses you.
You barely miss the endoplasm. You constrict the hobgoblin.
The endoplasm freezes you.
You are frozen.
* * * LOW HITPOINT WARNING * * *
The hobgoblin hits you.
You die...

.#....# ##..# #....#
##.....##
......#####...#
#.÷..###..######
###...#.....#.##
##..÷....#### #
###....######..#
###..#..)..####
.......# ##.##
#.....##.....
.#..#### #..#
####...†..### ###.#
##.## #......#.†.†
#.# #..#
*#.#...##..#.
#.######
##@##*#..#..##...#.
###......#
#gJ##..##.......#.
...'''''.#
##l#..#*#..##...##
##.'''''.# ##....#*
#.##....#
#.''_''.#****#..#.##
#.#.....#
#.'''''.#....J.l..#
#.......#
#.'''''##.........#
###.....#
#......##.(.......#
#######
###...###........##


You could see an endoplasm, a hobgoblin and a frilled lizard.

Vanquished Creatures
  2 ball pythons (D:1)
  3 endoplasms (D:1)
  2 giant cockroaches (D:1)
  2 goblins (D:1)
  2 hobgoblins (D:1)
  4 jackals (D:1)
  A kobold (D:1)
  2 quokkas (D:1)
  6 bats (D:1)
  2 frilled lizards (D:1)
  7 rats (D:1)
33 creatures vanquished.

Notes
Turn   | Place    | Note
-------+----------+-------------------------------------------
     0 | D:1      | ytrimaz the Octopode Transmuter began the quest for the
                  | Orb.
     0 | D:1      | Reached XP level 1. HP: 13/13 MP: 3/3
    75 | D:1      | Reached XP level 2. HP: 9/18 MP: 5/5
   136 | D:1      | Learned a level 2 spell: Wereblood
   371 | D:1      | Found a faded altar of an unknown god.
   742 | D:1      | Reached XP level 3. HP: 21/23 MP: 4/6
   746 | D:1      | Learned a level 3 spell: Spider Form
  1115 | D:1      | Slain by a hobgoblin

Illustrated notes

Levels and vault maps discovered:
D:1:      amcnicky_arrival_double_pillar, layout_rooms,
          hellmonk_ecumenical_altar_heavens_door, hangedman_decor_slide_cut,
          minmay_pentomino_w2

Action                   || total
-------------------------++-------
Melee: Unarmed           ||    84
       Tentacles         ||     9
       Constrict         ||    23
       Kick              ||     6
 Cast: Beastly Appendage ||    15
       Wereblood         ||     1
  Use: Scroll            ||     1
 Stab: Sleeping          ||     4
Armor: Skin              ||    16
Dodge: Dodged            ||    76

Table legend: (Time is in decaauts)
 A = Elapsed time spent in this place.
 B = Non-inter-level travel time spent in this place.
 C = Inter-level travel time spent in this place.
 D = Time resting spent in this place.
 E = Time spent auto-exploring this place.
 F = Levels seen in this place.
 G = Mean time per level.
                   A        B        C        D        E       F      G
               +--------+--------+--------+--------+--------+-----+--------+
         Total |   1110 |   1110 |      0 |     36 |    844 |   1 | 1110.0 |
       Dungeon |   1110 |   1110 |      0 |     36 |    844 |   1 | 1110.0 |
               +--------+--------+--------+--------+--------+-----+--------+

Top non-repeatable levels by time:
     D:1: 1110 daAuts
